 Dungeon Crawl Stone Soup version 0.31-a0-1009-g454b1f1e0a (webtiles) character file.

Game seed: 12332240095488873605

22 Ivernyr the Shield-Bearer (level 3, -5/29 HPs)
             Began as a Formicid Fighter on Nov 16, 2023.
             Slain by a gnoll
             ... wielding a +2 heavy spear
              (7 damage)
             ... on level 1 of the Dungeon.
             The game lasted 00:01:03 (250 turns).

Ivernyr the Shield-Bearer (Formicid Fighter)         Turns: 250, Time: 00:01:03

Health: -5/29      AC:  6    Str: 22    XL:     3   Next: 7%
Magic:  3/3        EV:  9    Int:  7    God:
Gold:   39         SH:  5    Dex: 13    Spells: 2/2 levels left

rFire   . . .        a - +0 quarterstaff
rCold   . . .        c - +0 buckler
rNeg    . . .        b - +0 scale mail
rPois   .            (helmet unavailable)
rElec   .            (no cloak)
rCorr   .            (no gloves)
SInv    +            (no boots)
Will    .....        (no amulet) Stlth
                     (no ring)
HPRegen 0.24/turn    (no ring)
MPRegen 0.08/turn

%: no passive effects
@: no status effects
A: permanent stasis, dig shafts and tunnels, antennae 3, four strong arms
a: Dig, Shaft Self


You were on level 1 of the Dungeon.
You visited 1 branch of the dungeon, and saw 1 of its levels.

You collected 39 gold pieces.

Inventory:

Hand Weapons
 a - a +0 quarterstaff (weapon)
Armour
 b - a +0 scale mail (worn)
 c - a +0 buckler (worn)
Potions
 d - a potion of might
 e - a potion of invisibility {unknown}
 f - a potion of haste {unknown}


   Skills:
 + Level 3.5 Fighting
 * Level 2.5 Staves
 + Level 3.5 Armour
 + Level 4.3 Shields


You had 2 spell levels left.
You didn't know any spells.
Your spell library was empty.

Dungeon Overview and Level Annotations

Branches:
Dungeon (1/15)

Altars:


Innate Abilities, Weirdness & Mutations

You cannot be hasted, slowed, berserked, paralysed or teleported.
You can dig through walls and to a lower floor.
You have a pair of large antennae on your head. (SInv)
Your four strong arms can wield two-handed weapons with a shield.


Message History

You miss the goblin. The goblin hits you with a +0 club.
The goblin closely misses you.
You barely miss the goblin. The goblin hits you but does no damage.
The goblin barely misses you.
You hit the goblin.
You kill the goblin!
The goblin hits you with a +0 club.
You have reached level 3!
Your experience leads to an increase in your attributes!
Increase (S)trength, (I)ntelligence, or (D)exterity?
You feel stronger. x2
The goblin attacks as it pursues you! The goblin hits you with a +0 club.
The endoplasm jiggles.
The goblin attacks as it pursues you! You block the goblin's attack.
The goblin attacks as it pursues you! You block the goblin's attack.
You completely miss the goblin. The goblin hits you but does no damage.
You hit the goblin.
The goblin is severely wounded.
The goblin hits you but does no damage.
The gnoll hits you from afar with a +2 heavy spear!
You thump the goblin!
You kill the goblin!
The gnoll hits you from afar with a +2 heavy spear!
* * * LOW HITPOINT WARNING * * *
You sock the endoplasm!
You kill the endoplasm!
The gnoll hits you but does no damage.
You sock the gnoll!
The gnoll is severely wounded.
The gnoll barely misses you.
You hit the gnoll.
The gnoll is severely wounded.
The gnoll hits you with a +2 heavy spear.
* * * LOW HITPOINT WARNING * * *
You barely miss the gnoll.
The gnoll is severely wounded.
You hit the gnoll but do no damage.
The gnoll is severely wounded.
The gnoll hits you with a +2 heavy spear!
You die...

##.[####...# ...
#.####.#### ##.# ..
..##.#.##.).# ######[##
#.# ....#.##w###
...†.#..##...# ..##.#..#
####.##.....## #.#..J.##
#.##....... #.#..###
#.........# #....#####
#.#######.#######........#
#.# #....@gJ#..#####.#
####.# #######w...##
#....# #.†....# #.####
##.#.##.# ..# ##..#.# ...
.## ####†.##.# ##... .#
#..).###.# .... †###
#####.#### ..# ... ...#
#.....# .## ..


You could see a gnoll, a dart slug and an endoplasm.

Vanquished Creatures
  A dart slug (D:1)
  A ball python (D:1)
  3 endoplasms (D:1)
  A giant cockroach (D:1)
  4 goblins (D:1)
  2 hobgoblins (D:1)
  A quokka (D:1)
  2 bats (D:1)
  2 rats (D:1)
17 creatures vanquished.

Notes
Turn   | Place    | Note
-------+----------+-------------------------------------------
     0 | D:1      | Ivernyr the Formicid Fighter began the quest for the Orb.
     0 | D:1      | Reached XP level 1. HP: 18/18 MP: 1/1
   116 | D:1      | Reached XP level 2. HP: 24/24 MP: 2/2
   231 | D:1      | Reached XP level 3. HP: 24/29 MP: 3/3
   250 | D:1      | Slain by a gnoll

Illustrated notes

Levels and vault maps discovered:
D:1:      spicycebolla_green_bress_n_ham_2, layout_rooms,
          ebering_ecumenical_altar_hall

Action                     || total
---------------------------++-------
  Melee: Quarterstaff      ||    45
 Armour: Scale mail        ||    34
  Dodge: Dodged            ||    20
  Block: Buckler           ||    15

Table legend: (Time is in decaauts)
 A = Elapsed time spent in this place.
 B = Non-inter-level travel time spent in this place.
 C = Inter-level travel time spent in this place.
 D = Time resting spent in this place.
 E = Time spent auto-exploring this place.
 F = Levels seen in this place.
 G = Mean time per level.
                   A        B        C        D        E       F      G
               +--------+--------+--------+--------+--------+-----+--------+
         Total |    258 |    258 |      0 |      0 |    132 |   1 |  258.0 |
       Dungeon |    258 |    258 |      0 |      0 |    132 |   1 |  258.0 |
               +--------+--------+--------+--------+--------+-----+--------+

Top non-repeatable levels by time:
     D:1: 258 daAuts
